 Dungeon Crawl Stone Soup version 0.29-a0-41-g89e12c0570 (webtiles) character file.

Game seed: 7803639852042323090

157646 Krildir the Unseen (level 17, -5/79 (89) HPs)
             Began as a Spriggan Enchanter on Feb 2, 2022.
             Was the Champion of Dithmenos.
             Slain by a steelbarb worm (24 damage)
             ... on level 3 of the Spider Nest.
             The game lasted 01:33:10 (37044 turns).

Krildir the Unseen (Spriggan Enchanter)            Turns: 37044, Time: 01:33:11

HP:   -5/79 (89)    AC:  5    Str: 15    XL:     17   Next: 12%
MP:   35/38         EV: 31    Int: 19    God:    Dithmenos [******]
Gold: 2258          SH:  0    Dex: 15    Spells: 12/49 levels left

rFire   + . .      SeeInvis +   X - +3 quick blade
rCold   . . .      Faith    .   (no shield)
rNeg    . . .      Spirit   .   z - +0 steam dragon scales
rPois   .          Reflect  .   f - +2 hat
rElec   .          Harm     .   O - +1 cloak {Stlth+}
rCorr   .          Rampage  .   (gloves unavailable)
Will    ++...                   (boots unavailable) Stlth *******+++
                                v - amulet "Buggeur" {RegenMP +Inv}
HPRegen 0.23/turn               e - +4 ring of evasion
MPRegen 0.66/turn               W - ring "Zyateuwo" {rF+ Str+5 Slay+6}

@: spiked, corroded, very slightly contaminated, wreathed by umbra, studying
Short Blades, heavily drained, invisible, very quick
A: very small, no large weapons, unfitting armour, see invisible, speed 3,
talons 1, passive freeze
a: Renounce Religion, Evoke Invisibility, Shadow Step, Shadow Form


You were on level 3 of the Spider Nest.
You worshipped Dithmenos.
Dithmenos was exalted by your worship.
You visited 5 branches of the dungeon, and saw 27 of its levels.
You also visited: Gauntlet and Ice Cave.

You collected 2623 gold pieces.
You spent 365 gold pieces at shops.

Inventory:

Hand Weapons
 a - a +3 dagger
 A - a +1 dagger of venom
 X - a +3 quick blade (weapon)
 Y - the +7 dagger "Arbiter" {elec, rElec rC++ Will- Int+3}
   (You found it on level 3 of the Spider Nest)

   It occasionally discharges a powerful burst of electricity upon striking a
   foe.
   Int:       It affects your intelligence (+3).
   rC:        It greatly protects you from cold.
   rElec:     It insulates you from electricity.
   Will:      It decreases your willpower.
Missiles
 b - 4 throwing nets
 g - 31 poisoned darts (quivered)
 E - 12 curare-tipped darts
 H - 8 datura-tipped darts
Armour
 d - a +2 robe of the Archmagi
 f - a +2 hat (worn)
 i - a +2 cloak
 t - the +1 robe of Pimuhierph {Fly rF+ rN+ Dex-5}
   (You found it in a Gauntlet)

   Dex:       It affects your dexterity (-5).
   rF:        It protects you from fire.
   rN:        It protects you from negative energy.
   Fly:       It grants you flight.
 z - +0 steam dragon scales (worn)
 O - a +1 cloak of stealth (worn)
 T - a +2 robe of fire resistance
Jewellery
 e - a +4 ring of evasion (left hand)
 l - a ring of protection from cold
 v - the amulet "Buggeur" (around neck) {RegenMP +Inv}
   (You acquired it on level 11 of the Dungeon)

   [amulet of magic regeneration]

   It increases your rate of magic regeneration.
   +Inv:      It lets you turn invisible.
 J - a +6 ring of intelligence
 M - a ring of resist corrosion
 S - a +4 ring of protection
 W - the ring "Zyateuwo" (right hand) {rF+ Str+5 Slay+6}
   (You found it in a Gauntlet)

   [ring of protection from fire]

   Str:       It affects your strength (+5).
   Slay:      It affects your accuracy & damage with ranged weapons and melee
   (+6).
   rF:        It protects you from fire.
Wands
 q - a wand of paralysis (9)
 w - a wand of flame (28)
 F - a wand of digging (16)
 N - a wand of iceblast (12)
 V - a wand of polymorph (6)
Scrolls
 k - 14 scrolls of teleportation
 s - 4 scrolls of blinking
 y - 7 scrolls of identify
 C - 2 scrolls of magic mapping
 D - 2 scrolls of holy word
 L - a scroll of amnesia
 P - 3 scrolls of fear
 R - a scroll of immolation
Potions
 c - a potion of magic
 h - a potion of flight
 j - a potion of cancellation
 n - a potion of resistance
 o - 3 potions of curing
 p - 5 potions of might
 r - 5 potions of brilliance
 u - 4 potions of lignification
 x - 2 potions of ambrosia
 G - a potion of haste
 I - a potion of mutation
 K - 2 potions of attraction
 Q - 5 potions of heal wounds
 U - a potion of berserk rage
Miscellaneous
 m - a phial of floods (inert)
 B - a lightning rod (4/4)


   Skills:
 + Level 10.1 Fighting
 - Level 11.0 Short Blades
 + Level 15.6 Dodging
 + Level 20.7 Stealth
 + Level 16.9 Spellcasting
 + Level 17.1 Hexes
 - Level 3.0 Summonings
 - Level 10.0 Evocations


You had 12 spell levels left.
You knew the following spells:

 Your Spells              Type           Power      Damage    Failure   Level
a - Ensorcelled Hibernat  Hex/Ice        96%        N/A       1%          2
b - Tukima's Dance        Hex            69%        N/A       0%          3
c - Dazzling Flash        Conj/Hex       96%        N/A       1%          3
d - Confusing Touch       Hex            69%        N/A       0%          3
e - Blink                 Tloc           32%        N/A       5%          2
f - Summon Mana Viper     Hex/Summ       53%        N/A       1%          5
g - Enfeeble              Hex            34%        N/A       2%          7
h - Cause Fear            Hex            34%        N/A       1%          4
i - Discord               Hex            34%        N/A       22%         8

Your spell library contained the following spells:

 Spells                   Type           Power      Damage    Failure   Level
 Slow                     Hex            100%       N/A       0%          1
 Summon Small Mammal      Summ           100%       N/A       1%          1
 Inner Flame              Hex/Fire       48%        N/A       1%          3
 Anguish                  Hex/Necr       24%        N/A       1%          4
 Fulminant Prism          Conj/Hex       24%        3d13      1%          4
 Animate Skeleton         Necr           32%        N/A       3%          1
 Apportation              Tloc           32%        N/A       3%          1
 Beastly Appendage        Tmut           32%        N/A       3%          1
 Sandblast                Erth           32%        2d9       3%          1
 Metabolic Englaciation   Hex/Ice        24%        N/A       3%          5
 Passwall                 Tmut/Erth      13%        N/A       5%          2
 Wereblood                Tmut           16%        N/A       5%          2
 Gell's Gravitas          Tloc           16%        N/A       11%         3
 Ignite Poison            Fire/Tmut/Pois 16%        N/A       11%         3
 Lesser Beckoning         Tloc           16%        N/A       11%         3
 Ozocubu's Armour         Ice            16%        N/A       11%         3
 Spider Form              Tmut/Pois      16%        N/A       11%         3
 Stone Arrow              Conj/Erth      32%        3d9       11%         3
 Teleport Other           Tloc           16%        N/A       11%         3
 Vampiric Draining        Necr           16%        2d7       11%         3
 Animate Armour           Summ/Erth      42%        N/A       21%         4
 Animate Dead             Necr           8%         N/A       36%         4
 Hailstorm                Conj/Ice       16%        3d6       36%         4
 Ice Form                 Ice/Tmut       16%        N/A       36%         4
 Iskenderun's Mystic Bla  Conj/Tloc      16%        2d5       36%         4
 Olgreb's Toxic Radiance  Pois           16%        N/A       36%         4
 Summon Forest            Summ/Tloc      10%        N/A       50%         5
 Lee's Rapid Deconstruct  Erth           8%         3d8*      71%         5
 Manifold Assault         Tloc           16%        N/A       71%         5
 Summon Cactus Giant      Summ           13%        N/A       86%         6
 Eringya's Noxious Bog    Tmut/Pois      8%         N/A       99%         6
 Simulacrum               Ice/Necr       8%         N/A       99%         6
 Ozocubu's Refrigeration  Ice            8%         4d6       100%        7
 Borgnjor's Revivificati  Necr           8%         N/A       100%        8
 Lehudib's Crystal Spear  Conj/Erth      8%         10d3      100%        8
 Necromutation            Tmut/Necr      8%         N/A       100%        8
 Death's Door             Necr           8%         N/A       100%        9


Dungeon Overview and Level Annotations

Branches:
Dungeon (15/15)            Temple (1/1) D:4            Lair (6/6) D:11
 Shoals (0/4) Lair:2       Spider (3/4) Lair:2        Slime (0/5) Lair:5
    Orc (2/2) D:10            Elf (0/3) Orc:2        Vaults (0/5) D:14
 Depths (0/4) D:15          IceCv (visited)         Gauntlet (visited)

Altars:
Ashenzari
Cheibriados
Dithmenos
Elyvilon
Hepliaklqana
Kikubaaqudgha
Makhleb
Okawaru
Qazlal
Ru
Sif Muna
Uskayaw
Vehumet
Wu Jian
Xom
Yredelemnul
Zin
The Shining One
Jiyva

Shops:
D:8 (*   D:13 *   Orc:1 (   Orc:2 :!=[

Annotations:
D:6 3 runed translucent doors, anet's ghost, novice HOCj; brandma555's ghost, novice MiFi; feta's ghost, novice BaIE; mandick's ghost, novice OpVM; mfcas's ghost, novice DjCj
D:8 1 runed translucent door, asishallab's ghost, novice DrFi
D:15 3 runed translucent doors, confidenceinterval's ghost, adept GrCj
Lair:4 3 runed translucent doors, Ytzathau's ghost, journeyman MiDe


Innate Abilities, Weirdness & Mutations

You are very small and have problems with some larger weapons.
You are too small for most types of armour.
You have supernaturally acute eyesight. (SInv)
You cover ground extremely quickly. (Speed+++)
You have sharp toenails.
A frigid envelope surrounds you and freezes all who hurt you.


Message History

The entropy weaver hits you.
You emit a cloud of dark smoke.
The entropy weaver is very cold.
The entropy weaver is heavily wounded.
The entropy weaver hits you but does no damage.
The entropy weaver is very cold.
The entropy weaver is heavily wounded.
The entropy weaver hits you!
You emit a cloud of dark smoke.
The entropy weaver is very cold.
The entropy weaver is heavily wounded.
You catch the helpless entropy weaver completely off-guard!
You perforate the entropy weaver like a sieve!!!
You kill the entropy weaver!
Dithmenos accepts your kill.
You start resting.
Magic restored.
You strike the helpless steelbarb worm from behind!
You skewer the steelbarb worm like a kebab!!!
You claw the steelbarb worm.
The steelbarb worm is heavily wounded.
Casting: Confusing Touch (safe; 0% risk of failure)
Confirm with . or Enter, or press ? or * to list all spells.
Aiming: Ensorcelled Hibernation (safe; 1% risk of failure)
Press: ? - help, Shift-Dir - straight line, f - steelbarb worm
Aim: a steelbarb worm (heavily wounded, wandering, hasn't noticed you, umbra, chance to affect: 78%)
The steelbarb worm struggles to resist.
The steelbarb worm hits you!!
* * * LOW HITPOINT WARNING * * *
You emit a cloud of dark smoke.
Barbed spikes become lodged in your body.
The steelbarb worm is very cold.
The steelbarb worm is heavily wounded.
Unknown command.
Casting: Ensorcelled Hibernation (safe; 1% risk of failure)
Confirm with . or Enter, or press ? or * to list all spells.
Aiming: Ensorcelled Hibernation (safe; 1% risk of failure)
Press: ? - help, Shift-Dir - straight line, f/p - steelbarb worm
Aim: a steelbarb worm (heavily wounded, umbra, chance to affect: 78%)
The steelbarb worm struggles to resist.
The steelbarb worm completely misses you.
The steelbarb worm hits you!!
You die...

##.. #.. ##. ##^.#
#. #..^.# #....<###
#....^.###
#........###
#.^.w§.....###
#..§@.....§§##
##.§§....§†.^###
#....§§§#§§§§§###
##..§§§§§##§§...###
##.§.§§§§###^....##
##.§§§§§.####....#
##......^# ##....
##.......# ###..
##......# ##.


You could see a steelbarb worm.

Vanquished Creatures
  Rupert (D:14)
  Gastronok (Lair:2)
  2 emperor scorpions (Spider:3)
  An orc warlord (Orc:1)
  3 broodmothers
  A stone giant (D:15)
  Nessos (D:14)
  A minotaur (Gauntlet)
  2 spark wasps (Spider:3)
  2 entropy weavers
  A fire dragon (Lair:6)
  Josephine (Lair:4)
  Fannar (Orc:1)
  Erolcha (Orc:2)
  3 boulder beetles
  A catoblepas (Lair:6)
  Harold (D:9)
  A death knight (D:9)
  11 hydras
  4 radroaches
  6 centaur warriors
  2 ironbound frosthearts (IceCv)
  A jorogumo (Spider:3)
  4 two-headed ogres
  An ogre mage (D:10)
  10 death yaks
  3 tengu warriors
  4 orc high priests (Orc:2)
  Urug (D:11)
  Nergalle (D:10)
  Sonja (Orc:2)
  5 pharaoh ants
  4 skeletal warriors (D:13)
  4 steelbarb worms
  5 orb spiders
  2 lindwurms
  8 orc knights
  3 orc sorcerers
  3 wizards
  15 wolf spiders
  4 deep elf pyromancers
  8 ugly things
  A salamander (shapeshifter) (D:13)
  2 cyclopes
  Maurice (Orc:1)
  2 moths of wrath
  An ice statue (IceCv)
  Joseph (D:8)
  10 black mambas
  15 elephants
  3 torpor snails
  3 molten gargoyles (Lair:6)
  A gargoyle (D:10)
  An unseen horror (D:12)
  7 demonic crawlers
  8 cane toads
  4 rime drakes
  A freezing wraith (D:15)
  10 komodo dragons
  3 trolls
  11 polar bears
  10 meliai
  A hornet (D:10)
  8 blink frogs
  13 slime creatures
  A dream sheep (shapeshifter) (D:10)
  13 tarantellas
  22 jumping spiders
  Sigmund (D:3)
  A snapping turtle (Lair:2)
  24 culicivoras
  A dancing weapon (Orc:2)
  A vampire (D:12)
  11 wraiths
  A water elemental (D:15)
  2 shadows (D:9)
  3 wyverns
  74 yaks
  3 centaur simulacra
  16 humans
  32 redbacks
  11 basilisks
  A redback (shapeshifter) (D:15)
  7 vampire mosquitoes
  10 wargs
  3 steam dragons
  3 acid dragons
  16 water moccasins
  4 hell hounds (Lair:6)
  28 orc warriors
  3 hornet zombies
  2 black bears
  10 ogres
  39 wolves
  21 centaurs
  A phantom (D:5)
  10 bullfrogs
  3 kobold brigands
  2 scorpions
  A water moccasin skeleton (D:4)
  7 killer bees
  3 howler monkeys
  6 wights
  11 electric eels
  5 lava snakes (Lair:6)
  6 centaur zombies
  2 jellies
  3 hounds
  A gnoll shaman (Orc:2)
  22 orc priests
  A bullfrog skeleton (D:5)
  3 centaur skeletons
  16 orc wizards
  2 iguanas (D:4)
  4 hell rats (Lair:4)
  A hound skeleton (D:4)
  3 howler monkey zombies
  13 gnolls
  4 adders
  2 river rats (Lair:4)
  2 shadow imps
  3 white imps
  2 ufetubi
  3 worms
  2 dart slugs
  48 orcs
  11 endoplasms
  9 giant cockroaches
  4 goblins
  7 hobgoblins
  3 jackals (D:1)
  4 quokkas
  13 ball pythons
  6 bats
  A frilled lizard (D:2)
  13 kobolds
  11 rats
  2 butterflies
892 creatures vanquished.

Vanquished Creatures (collateral kills)
  An orc high priest (Orc:2)
  2 orc knights (Orc:2)
  2 basilisks (Lair:6)
  A steam dragon (Lair:6)
  4 orc warriors
  Blork the orc (D:6)
  12 wights
  2 orc priests
  An orc wizard (Orc:2)
  11 gnolls
  10 orcs
47 creatures vanquished.

Vanquished Creatures (others)
  A slime creature (D:13)
  11 dancing weapons
  22 demonic plants (Gauntlet)
  11 fungi
  24 plants
69 creatures vanquished.

Grand Total: 1008 creatures vanquished

Notes
Turn   | Place    | Note
-------+----------+-------------------------------------------
     0 | D:1      | Krildir the Spriggan Enchanter began the quest for the Orb.
     0 | D:1      | Reached XP level 1. HP: 9/9 MP: 5/5
   426 | D:1      | Reached XP level 2. HP: 13/13 MP: 7/7
   435 | D:1      | Learned a level 2 spell: Ensorcelled Hibernation
   687 | D:1      | Reached XP level 3. HP: 15/16 MP: 7/9
   733 | D:1      | Learned a level 3 spell: Tukima's Dance
   737 | D:1      | Learned a level 3 spell: Dazzling Flash
   743 | D:1      | Found a faded altar of an unknown god.
  1531 | D:3      | Noticed Sigmund
  1551 | D:3      | Killed Sigmund
  1552 | D:3      | Reached skill level 5 in Spellcasting
  1552 | D:3      | Reached XP level 4. HP: 8/21 MP: 9/12
  1552 | D:3      | Reached XP level 5. HP: 9/24 MP: 10/14
  2367 | D:3      | Reached XP level 6. HP: 28/28 MP: 12/15
  2440 | D:3      | Reached skill level 5 in Stealth
  2893 | D:4      | Learned a level 3 spell: Confusing Touch
  3484 | D:4      | Reached skill level 6 in Stealth
  3484 | D:4      | Reached XP level 7. HP: 22/32 MP: 14/17
  3618 | D:4      | Found a staircase to the Ecumenical Temple.
  3627 | Temple   | Entered the Ecumenical Temple
  3658 | Temple   | Became a worshipper of Dithmenos the Shadowed
  3723 | D:4      | Identified the +7 hand axe of Conscience {flame, Fly}
  4119 | D:5      | Entered Level 5 of the Dungeon
  4246 | D:5      | Reached skill level 7 in Stealth
  4839 | D:5      | Reached XP level 8. HP: 36/36 MP: 20/20
  4862 | D:5      | Reached skill level 8 in Stealth
  5126 | D:5      | Reached * piety under Dithmenos
  5499 | D:6      | Reached skill level 9 in Stealth
  6212 | D:6      | Noticed Blork the orc
  6219 | D:6      | Killed Blork the orc
  6260 | D:6      | Found a runed translucent gate.
  6260 | D:6      | Found a runed translucent gate.
  6261 | D:6      | Noticed anet's ghost (novice HOCj)
  6262 | D:6      | Noticed mandick's ghost (novice OpVM)
  6263 | D:6      | Found a runed translucent gate.
  6264 | D:6      | Noticed feta's ghost (novice BaIE)
  6264 | D:6      | Noticed mfcas's ghost (novice DjCj)
  6265 | D:6      | Noticed brandma555's ghost (novice MiFi)
  6364 | D:6      | Reached skill level 10 in Stealth
  6687 | D:7      | Reached XP level 9. HP: 39/39 MP: 21/23
  6883 | D:7      | Reached skill level 11 in Stealth
  6959 | D:7      | Gained mutation: A frigid envelope surrounds you and
                  | freezes all who hurt you. [potion of mutation]
  6959 | D:7      | Gained mutation: You have sharp toenails. [potion of
                  | mutation]
  6989 | D:7      | Reached skill level 10 in Hexes
  7003 | D:7      | Reached ** piety under Dithmenos
  7422 | D:7      | Reached skill level 10 in Spellcasting
  7696 | D:8      | Found a runed translucent door.
  7700 | D:8      | Noticed asishallab's ghost (novice DrFi)
  7833 | D:8      | Reached skill level 1 in Fighting
  8104 | D:8      | Found a hide-covered altar of Uskayaw.
  8340 | D:8      | Reached skill level 12 in Stealth
  8375 | D:8      | Found Hisucze's Assorted Antiques.
  8376 | D:8      | Found Zuybrefu's Antique Weapon Shoppe.
  8377 | D:8      | Noticed Joseph
  8444 | D:8      | Bought 2 silvery potions for 55 gold pieces
  8475 | D:8      | Killed Joseph
  8476 | D:8      | Reached XP level 10. HP: 27/46 MP: 22/25
  9008 | D:8      | Noticed a two-headed ogre
  9032 | D:8      | Killed a two-headed ogre
  9033 | D:8      | Reached skill level 5 in Dodging
  9456 | D:9      | Noticed a two-headed ogre
  9465 | D:9      | Killed a two-headed ogre
  9564 | D:9      | Noticed Harold
  9568 | D:9      | Killed Harold
  9995 | D:9      | Reached skill level 13 in Stealth
 10187 | D:9      | Reached *** piety under Dithmenos
 10339 | D:9      | Noticed a death knight
 10362 | D:9      | Killed a death knight
 10363 | D:9      | Reached skill level 5 in Short Blades
 10363 | D:9      | Reached XP level 11. HP: 4/52 MP: 20/27
 10982 | D:10     | Entered Level 10 of the Dungeon
 11107 | D:10     | Noticed a two-headed ogre
 11116 | D:10     | Killed a two-headed ogre
 11264 | D:10     | Noticed Nergalle
 11266 | D:10     | Killed Nergalle
 11292 | D:10     | Found a staircase to the Orcish Mines.
 11416 | D:10     | Reached skill level 14 in Stealth
 11465 | D:10     | Noticed a wizard
 11465 | D:10     | Noticed a centaur warrior
 11465 | D:10     | Noticed a white ugly thing
 11466 | D:10     | Noticed a deep elf pyromancer
 11466 | D:10     | Noticed a boulder beetle
 11467 | D:10     | Noticed an eight-headed hydra
 11467 | D:10     | Noticed a deep elf pyromancer
 11502 | D:10     | Killed a white ugly thing
 11535 | D:10     | Killed a wizard
 11602 | D:10     | Killed a boulder beetle
 11627 | D:10     | Reached **** piety under Dithmenos
 11631 | D:10     | Killed a centaur warrior
 11658 | D:10     | Killed a deep elf pyromancer
 11659 | D:10     | Reached XP level 12. HP: 45/59 MP: 11/29
 11791 | D:10     | Reached skill level 5 in Fighting
 11793 | D:10     | Identified the ring of Giv Cinext {rF+ Will+ Str+3 Int-4}
 11819 | D:10     | Got the Compendium of Hurtful Dark Rituals
 12089 | D:10     | Noticed an ogre mage
 12098 | D:10     | Killed an ogre mage
 12165 | D:10     | Killed an eight-headed hydra
 12166 | D:10     | Reached skill level 15 in Stealth
 12507 | D:11     | Found a staircase to the Lair.
 12698 | D:11     | Noticed Urug
 12713 | D:11     | Killed Urug
 13371 | D:11     | Identified a scroll of acquirement
 13371 | D:11     | Acquired the amulet "Buggeur" {RegenMP +Inv}
 13719 | D:12     | Found an ornate altar of the Wu Jian Council.
 13948 | D:12     | Reached ***** piety under Dithmenos
 13949 | D:12     | Reached skill level 5 in Evocations
 14175 | D:12     | Noticed a two-headed ogre
 14217 | D:12     | Killed a two-headed ogre
 14410 | D:12     | Reached XP level 13. HP: 64/64 MP: 30/30
 15429 | D:13     | Reached skill level 10 in Evocations
 15608 | D:13     | Found Anaikaqu's General Store.
 15625 | D:13     | Bought a potion of heal wounds for 70 gold pieces
 16082 | D:14     | Noticed Nessos
 16082 | D:14     | Noticed Rupert
 16082 | D:14     | Found a gate to the Vaults.
 16412 | D:14     | Reached skill level 10 in Dodging
 16606 | D:13     | Reached skill level 16 in Stealth
 16902 | D:14     | Killed Nessos
 16937 | D:14     | Killed Rupert
 17135 | D:14     | Found a glowing silver altar of Zin.
 17474 | Lair:1   | Entered Level 1 of the Lair of Beasts
 18449 | Lair:2   | Found an ancient bone altar of Kikubaaqudgha.
 18480 | Lair:2   | Reached XP level 14. HP: 62/65 MP: 32/32
 18679 | Lair:2   | You fall into a shaft and drop 1 floor!
 19216 | Lair:2   | Found a hole to the Spider Nest.
 19431 | Lair:2   | Reached skill level 17 in Stealth
 19671 | Lair:2   | Found a staircase to the Shoals.
 19695 | Lair:2   | Noticed Gastronok
 19710 | Lair:2   | Killed Gastronok
 20897 | Lair:4   | Learned a level 2 spell: Blink
 20903 | Lair:4   | Learned a level 5 spell: Summon Mana Viper
 20911 | Lair:4   | Learned a level 7 spell: Enfeeble
 20961 | Lair:4   | Noticed Josephine
 20986 | Lair:4   | Reached ****** piety under Dithmenos
 20997 | Lair:4   | Killed Josephine
 21139 | Lair:4   | Found a runed translucent gate.
 21140 | Lair:4   | Found a runed translucent gate.
 21142 | Lair:4   | Found a runed translucent gate.
 21142 | Lair:4   | Identified the +8 war axe of Bloodstone {vamp, rElec rN+
                  | Will-}
 21144 | Lair:4   | Noticed Ytzathau's ghost (journeyman MiDe)
 21224 | Lair:4   | Reached skill level 1 in Summonings
 21928 | Lair:5   | Reached skill level 10 in Short Blades
 22584 | Lair:5   | Found a viscous altar of Jiyva.
 22584 | Lair:5   | Found a staircase to the Slime Pits.
 23117 | Lair:6   | Entered Level 6 of the Lair of Beasts
 23168 | Lair:6   | Found a gate leading to a gauntlet.
 23179 | Gauntlet | Entered a Gauntlet
 23179 | Gauntlet | Found a large runed translucent door.
 23179 | Gauntlet | Found a large runed translucent door.
 23179 | Gauntlet | Found a large runed translucent door.
 23179 | Gauntlet | Found a large runed translucent door.
 23179 | Gauntlet | Found a large runed translucent door.
 23179 | Gauntlet | Found a large runed translucent door.
 23179 | Gauntlet | Found a runed translucent door.
 23179 | Gauntlet | Found a transporter.
 23179 | Gauntlet | Found a transporter.
 23179 | Gauntlet | Found a runed translucent door.
 23179 | Gauntlet | Found a large runed translucent door.
 23179 | Gauntlet | Found a large runed translucent door.
 23179 | Gauntlet | Found a large runed translucent door.
 23179 | Gauntlet | Found a large runed translucent door.
 23179 | Gauntlet | Found a large runed translucent door.
 23179 | Gauntlet | Found a large runed translucent door.
 23183 | Gauntlet | Found a transporter.
 23183 | Gauntlet | Found a transporter.
 23192 | Gauntlet | Found a transporter.
 23216 | Gauntlet | Found a transporter.
 23221 | Gauntlet | Found a transporter.
 23221 | Gauntlet | Found a transporter.
 23222 | Gauntlet | Noticed a reaper
 23245 | Gauntlet | Found a transporter.
 23252 | Gauntlet | Found a transporter.
 23264 | Gauntlet | Found a transporter.
 23277 | Gauntlet | Found a large runed translucent door.
 23278 | Gauntlet | Found a large runed translucent door.
 23280 | Gauntlet | Found a runed translucent gate.
 23281 | Gauntlet | Found a runed translucent gate.
 23282 | Gauntlet | Found a transporter.
 23282 | Gauntlet | Found a runed translucent gate.
 23300 | Gauntlet | Found a large runed translucent door.
 23301 | Gauntlet | Found a large runed translucent door.
 23328 | Gauntlet | Found a transporter.
 23333 | Gauntlet | Noticed a cacodemon
 23342 | Gauntlet | Found a transporter.
 23443 | Gauntlet | Found a transporter.
 23457 | Gauntlet | Found a transporter.
 23612 | Gauntlet | Identified the ring "Zyateuwo" {rF+ Str+5 Slay+6}
 23722 | Gauntlet | Reached XP level 15. HP: 57/70 MP: 32/34
 23734 | Gauntlet | Identified the ring of Fumeroh {MP+9 Int+3}
 23930 | Gauntlet | Identified the ring of Conversion {Ice Contam rElec Will+++
                  | Stlth-}
 24383 | Gauntlet | Identified the +1 robe of Pimuhierph {Fly rF+ rN+ Dex-5}
 24384 | Gauntlet | Got the Guide on Poison
 24569 | Lair:6   | Found a large runed translucent door.
 25045 | Lair:6   | Reached skill level 18 in Stealth
 25055 | Lair:6   | Reached skill level 15 in Hexes
 26160 | Lair:6   | Found a large runed translucent door.
 26307 | Lair:6   | Got the Reference Book on the Cankerous Rocks
 26549 | Orc:1    | Entered Level 1 of the Orcish Mines
 26550 | Orc:1    | Noticed Maurice
 26561 | Orc:1    | Killed Maurice
 26988 | Orc:2    | Entered Level 2 of the Orcish Mines
 26988 | Orc:2    | Noticed Erolcha
 26991 | Orc:2    | Killed Erolcha
 27164 | Orc:2    | Found a frozen archway.
 27171 | Orc:2    | Reached skill level 15 in Spellcasting
 27175 | IceCv    | Entered an ice cave
 28712 | Orc:2    | Noticed Sonja
 28746 | Orc:2    | Killed Sonja
 29900 | Orc:2    | Reached skill level 19 in Stealth
 30368 | Orc:2    | Found Wougaabo's Armour Shoppe.
 30368 | Orc:2    | Found Weogan's Book Shoppe.
 30369 | Orc:2    | Found Caopeotuapt's Jewellery Emporium.
 30369 | Orc:2    | Found Catisein's Distillery.
 30391 | Orc:2    | Bought a potion of mutation for 120 gold pieces
 30391 | Orc:2    | Bought a potion of heal wounds for 75 gold pieces
 30391 | Orc:2    | Bought a potion of curing for 45 gold pieces
 30530 | Orc:2    | Found a staircase to the Elven Halls.
 30792 | Orc:1    | Noticed an orc warlord
 30998 | Orc:1    | Noticed Fannar
 31468 | Orc:1    | Found Esio's Weapon Shoppe.
 31478 | Orc:1    | Killed Fannar
 31538 | Orc:1    | Killed an orc warlord
 31539 | Orc:1    | Reached XP level 16. HP: 82/83 MP: 18/36
 31758 | D:15     | Entered Level 15 of the Dungeon
 31931 | D:15     | Found a glowing golden altar of the Shining One.
 32476 | D:15     | Found a staircase to the Depths.
 32577 | D:15     | Found a runed translucent gate.
 32579 | D:15     | Found a runed translucent gate.
 32581 | D:15     | Found a runed translucent gate.
 32583 | D:15     | Noticed confidenceinterval's ghost (adept GrCj)
 32896 | Spider:1 | Entered Level 1 of the Spider Nest
 34408 | Spider:2 | Acquired a +3 quick blade
 34516 | Spider:2 | Reached skill level 20 in Stealth
 35170 | Spider:2 | Reached skill level 15 in Dodging
 35761 | Spider:3 | Identified the +7 dagger "Arbiter" {elec, rElec rC++ Will-
                  | Int+3}
 36051 | Spider:3 | Reached XP level 17. HP: 88/88 MP: 38/38
 36119 | Spider:2 | Reached skill level 10 in Fighting
 36793 | Spider:3 | Learned a level 4 spell: Cause Fear
 36802 | Spider:3 | Learned a level 8 spell: Discord
 37044 | Spider:3 | Slain by a steelbarb worm

Illustrated notes

Levels and vault maps discovered:
D:1:      dpeg_arrival_line_fractal, layout_rooms,
          dreamdust_ecumenical_altar_grove, grunt_decor_clamped
D:2:      layout_basic, minmay_worlds_worst_comb
D:3:      minmay_evil_eye, layout_basic, uniq_sigmund
D:4:      layout_rooms, minmay_temple_entry_antechambers, minmay_close_crescents
D:5:      layout_loops_ring
D:6:      layout_loops_cross, gammafunk_ghost_cemetery, hangedman_glass_garden,
          uniq_blork_the_orc
D:7:      layout_gridville, lightli_corner_chamber
D:8:      layout_basic, lemuel_tele_altar, hellmonk_ghost_big_iron,
          hangedman_abyss_or_decor_stabs, hex_tiny, nicolae_wooded_promenade,
          minmay_crystal_room, uniq_joseph
D:9:      cheibrodos_two_vegetables, layout_irregular_city,
          nrook_mini_backslash, lemuel_old_faithful, uniq_harold
D:10:     minmay_the_grid_3x3 [minmay_the_grid_armoury,
          minmay_the_grid_diamond_grid, minmay_the_grid_broken_lines,
          minmay_the_grid_minigrid_small, minmay_the_grid_outer_diamond,
          minmay_the_grid_fan, minmay_the_grid_empty,
          minmay_the_grid_minigrid_medium, minmay_the_grid_prize_big_room],
          layout_irregular_city, orc_0_dummy, uniq_nergalle
D:11:     layout_cave_pods, minmay_lair_entry_grove, uniq_urug
D:12:     layout_roguey, nicolae_wu_jian_wuxing_cycle
D:13:     layout_loops_corners, serial_shops, nicolae_shop_stone
D:14:     layout_rooms, david_vaults_3, chequers_serial_rivers_large_b,
          zin_scriptorium
D:15:     grunt_enter_depths_snipers, layout_basic, small_statue_intersection,
          gammafunk_ghost_tricky_traps, tso_metal_star
Temple:   nicolae_temple_the_god_donut
Lair:1:   layout_hall_layers, grunt_megastairs_4
Lair:2:   layout_cave_shapes, minmay_shoals_entry_hut,
          hellmonk_spider_entry_not_the_bees, basic_altar, beast_lair_carwin_7,
          lemuel_fruit_fields, uniq_gastronok
Lair:3:   layout_gridlike, hibernation_bobbens
Lair:4:   layout_loops_ring, maelrawn_ghost_gauntlet_escape,
          kennysheep_abandoned_house, uniq_josephine
Lair:5:   layout_regular_city, slime_altar_1
Lair:6:   cheibrodos_lair_end_hotspot, layout_regular_city,
          gauntlet_entry_generic, serial_bayou_lagoon_b
Spider:1: layout_spider_delve
Spider:2: layout_spider_delve, drop_trap, guppyfry_spider_mini_2
Spider:3: layout_cave_pods
Orc:1:    layout_caves, serial_shops, nicolae_diamond_shop, uniq_maurice,
          uniq_fannar
Orc:2:    st_orc_pillars, layout_caves, portal_ice_cave_rime, uniq_sonja,
          uniq_erolcha

Skill      XL: |  1  2  3  4  5  6  7  8  9 10 11 12 13 14 15 16 17 |
---------------+----------------------------------------------------+-----
Spellcasting   | 3 5 6 7 9 10 11 12 13 14 15 16 | 16.9
Hexes          | 4 6 7 9 10 11 12 13 14 15 17 | 17.1
Stealth        | 6 7 10 12 13 14 15 16 17 19 20 | 20.7
Dodging        | 4 6 8 9 11 12 13 15 | 15.6
Fighting       | 1 3 4 5 6 7 8 9 10 | 10.1
Short Blades   | 2 5 6 7 8 10 11 | 11.0
Evocations     | 8 10 | 10.0
Summonings     | 2 3 |  3.0

Action                   |  1- 3 |  4- 6 |  7- 9 | 10-12 | 13-15 | 16-18 || total
-------------------------+-------+-------+-------+-------+-------+-------++-------
Melee: Dagger            |   131 |   121 |   245 |   314 |  1109 |   190 ||  2110
       Punch             |     2 |     3 |     9 |     4 |    18 |    10 ||    46
       Kick              |       |       |    17 |    94 |   405 |   183 ||   699
       Quick blade       |       |       |       |       |       |   302 ||   302
Throw: Dart              |       |       |       |     1 |     9 |       ||    10
 Cast: Ensorcelled Hiber |     5 |    35 |    55 |    86 |   262 |    53 ||   496
       Tukima's Dance    |       |     7 |    32 |    13 |    60 |       ||   112
       Confusing Touch   |       |     1 |    13 |    23 |    40 |    12 ||    89
       Dazzling Flash    |       |       |       |       |    13 |       ||    13
       Summon Mana Viper |       |       |       |       |     2 |       ||     2
Invok: Shadow Step       |       |       |       |       |     1 |     1 ||     2
 Abil: Evoke Invisibilit |       |       |       |       |     6 |     5 ||    11
Evoke: Wand              |       |       |       |     7 |    19 |     3 ||    29
       Lightning rod     |       |       |       |       |     6 |       ||     6
       Phial of floods   |       |       |       |       |     1 |     1 ||     2
  Use: Scroll            |     4 |     4 |     8 |    11 |    14 |     1 ||    42
       Potion            |     5 |       |     1 |     1 |    12 |     2 ||    21
 Stab: Sleeping          |    24 |    22 |    50 |    93 |   235 |   116 ||   540
       Confused          |       |     2 |    11 |    24 |    50 |     7 ||    94
       Paralysed         |       |       |       |     1 |       |       ||     1
       Distracted        |       |       |       |     1 |    14 |     2 ||    17
       Invisible         |       |       |       |       |    27 |    23 ||    50
Armor: Robe              |    12 |     8 |    19 |    19 |    53 |       ||   111
       Steam dragon scal |       |       |       |       |    25 |    40 ||    65
Dodge: Dodged            |   116 |   114 |   253 |   198 |  1005 |   450 ||  2136

Table legend: (Time is in decaauts)
 A = Elapsed time spent in this place.
 B = Non-inter-level travel time spent in this place.
 C = Inter-level travel time spent in this place.
 D = Time resting spent in this place.
 E = Time spent auto-exploring this place.
 F = Levels seen in this place.
 G = Mean time per level.
                   A        B        C        D        E       F      G
               +--------+--------+--------+--------+--------+-----+--------+
         Total |  28681 |  27732 |    949 |   7763 |  14107 |  29 |  989.0 |
       Dungeon |  14802 |  14271 |    531 |   3420 |   7992 |  15 |  986.8 |
        Temple |     35 |     19 |     16 |      0 |      9 |   1 |   35.0 |
          Lair |   5803 |   5526 |    277 |   1154 |   3135 |   6 |  967.2 |
   Spider Nest |   2979 |   2931 |     48 |    626 |   1661 |   3 |  993.0 |
  Orcish Mines |   2836 |   2759 |     77 |   1366 |    771 |   2 | 1418.0 |
      Ice Cave |   1270 |   1270 |      0 |    667 |    366 |   1 | 1270.0 |
      Gauntlet |    954 |    954 |      0 |    527 |    170 |   1 |  954.0 |
               +--------+--------+--------+--------+--------+-----+--------+

Top non-repeatable levels by time:
   Orc:2: 2390 daAuts
    D:13: 1850 daAuts
Spider:2: 1547 daAuts
  Lair:6: 1384 daAuts
     D:9: 1369 daAuts
    D:11: 1362 daAuts
     D:8: 1316 daAuts
  Lair:5: 1293 daAuts
   IceCv: 1270 daAuts
    D:10: 1147 daAuts
     D:3: 1066 daAuts
     D:4: 1000 daAuts
     D:5: 982 daAuts
  Lair:2: 970 daAuts
     D:6: 961 daAuts
